 Dungeon Crawl Stone Soup version 0.31.0-11-ge490571c62 (console) character file.

Game seed: 10478227880712486802

131025 jejorda2 the Metamorph (level 16, -16/128 HPs)
             Began as a White Draconian Berserker on Jan 27, 2024.
             Was a High Priest of Trog.
             Demolished by a naga warrior
             ... wielding a +0 war axe
              (26 damage)
             ... on level 1 of the Snake Pit.
             The game lasted 01:22:15 (28582 turns).

jejorda2 the Metamorph (White Draconian Berserker) Turns: 28582, Time: 01:22:16

Health: -16/128    AC: 17    Str: 27    XL:     16   Next: 54%
Magic:  25/25      EV: 13    Int:  8    God:    Trog [*****.]
Gold:   3137       SH:  0    Dex: 17    Spells: 15/15 levels left

rFire   + .          .
                       - Unarmed
rCold   + + .        (shield currently unavailable)
rNeg    . . .        (body armour unavailable)
rPois   +            z - +2 hat {Stlth+}
rElec   +            R - +2 cloak {rCorr}
rCorr   +            C - melded +3 pair of gauntlets of War {Slay+5}
SInv    .            m - +2 pair of boots
Will    +++..        v - amulet of faith
Stlth   +++          y - ring "Tiuthuepp" {rElec rF+ rC+ MP+9 Dex+6}
HPRegen 1.41/turn    K - ring of poison resistance
MPRegen 0.19/turn

%: faith
@: lethally poisoned (-16 -> -33), blade hands, strong-willed, on berserk
cooldown, regenerating, slowed, constricted, very slow
A: breathe frost, AC +9, unfitting armour, cold resistance 1, cold-blooded
a: Breathe Frost, Begin Untransformation, Renounce Religion, Berserk, Trog's
Hand, Brothers in Arms


You were on level 1 of the Snake Pit.
You worshipped Trog.
Trog was extremely pleased with you.
You had blades for hands.
You visited 4 branches of the dungeon, and saw 23 of its levels.
You visited the Abyss 1 time.
You also visited: Bailey and Volcano.

You collected 3996 gold pieces.
You spent 859 gold pieces at shops.

Inventory:

Missiles
 g - 2 throwing nets
 h - 4 darts of dispersal
 k - 42 poisoned darts
 t - 23 boomerangs
 O - 4 atropa-tipped darts
 P - 5 curare-tipped darts
Armour
 m - a +2 pair of boots (worn)
 z - a +2 hat of stealth (worn)
 C - the +3 pair of gauntlets of War (melded) {Slay+5}
   (You acquired it on level 7 of the Dungeon)

   Slay+5:    It affects your accuracy & damage with ranged weapons and melee
   (+5).
 R - a +2 cloak of preservation (worn)
Jewellery
 u - a ring of fire
 v - an amulet of faith (around neck)
 y - the ring "Tiuthuepp" (left blade hand) {rElec rF+ rC+ MP+9 Dex+6}
   (You acquired it on level 14 of the Dungeon)

   [ring of dexterity]

   Dex+6:     It affects your dexterity (+6).
   rF+:       It protects you from fire.
   rC+:       It protects you from cold.
   rElec:     It insulates you from electricity.
   MP+9:      It affects your magic capacity (+9).
 K - a ring of poison resistance (right blade hand)
 M - a ring of protection from cold
Talismans
 J - a maw talisman
 L - a blade talisman (active)
Wands
 c - a wand of light (23)
 d - a wand of flame (29)
 w - a wand of charming (27)
 x - a wand of roots (20)
 E - a wand of mindburst (25)
Scrolls
 a - 13 scrolls of teleportation
 b - 2 scrolls of poison
 e - 2 scrolls of immolation
 l - 2 scrolls of enchant armour
 A - 4 scrolls of fear
 B - 2 scrolls of fog
 I - 4 scrolls of revelation
 N - a scroll of blinking {unknown}
Potions
 f - 3 potions of enlightenment
 i - 7 potions of curing
 j - a potion of cancellation
 n - 3 potions of resistance
 o - 7 potions of haste
 p - 6 potions of might
 q - 12 potions of heal wounds
 r - a potion of ambrosia
 D - 3 potions of mutation
 F - 3 potions of lignification
 G - 2 potions of invisibility
 H - a potion of attraction {unknown}


   Skills:
 + Level 8.0 Fighting
 + Level 8.2 Dodging
 + Level 1.1 Stealth
 + Level 17.1 Unarmed Combat
 - Level 8.5 Evocations
 + Level 20.1 Shapeshifting


You had 15 spell levels left.
You didn't know any spells.
Your spell library was empty.

Dungeon Overview and Level Annotations

Branches:
Dungeon (15/15)            Temple (0/1) D:7            Lair (5/5) D:9
 Shoals (0/4) Lair:3        Snake (1/4) Lair:2        Slime (0/5) Lair:5
    Orc (2/2) D:12            Elf (0/3) Orc:2        Vaults (0/5) D:13
 Depths (0/4) D:15         Bailey (visited)         Volcano (visited)

Altars:
Ashenzari
Cheibriados
Dithmenos
Fedhas
Gozag
Hepliaklqana
Kikubaaqudgha
Okawaru
Ru
Trog
Uskayaw
Wu Jian
Zin

Shops:
D:3 *   D:5 [   D:8 [   D:12 [   Orc:2 *[[:*

Portals:
Abyss: Lair:1

Annotations:
D:12 exclusion: orange crystal statue
Lair:1 2 transporters, middlethird's ghost, journeyman VSCj


Innate Abilities, Weirdness & Mutations

You have blades for hands.
You are incapable of wielding weapons or throwing items.
You can breathe waves of freezing cold which knock back foes.
Your icy white scales are hard. (AC +9)
You cannot fit into any form of body armour.
Your flesh is cold resistant. (rC+)
You are cold-blooded and may be slowed by cold attacks.


Message History

You feel sick.
The black mamba hisses angrily.
A salamander comes into view.
You feel sick.
You feel sick.
The naga no longer looks unusually strong.
The naga attacks as it pursues you! The naga closely misses you.
The naga grabs you. The naga constricts you. The naga warrior misses you.
You barely miss the naga warrior.
You feel sick.
The black mamba bites you but does no damage.
The naga spits poison at you. The splash of poison hits you.
You are more poisoned.
You resist. The naga constricts you.
* * * LOW HITPOINT WARNING * * *
The black mamba bites you but does no damage.
The naga warrior barely misses you.
The naga's grasp on you weakens, but your attempt to escape fails.
You feel very sick. The black mamba bites you.
* * * LOW HITPOINT WARNING * * *
You are more poisoned.
The black mamba poisons you! The naga closely misses you.
The naga constricts you.
* * * LOW HITPOINT WARNING * * *
The black mamba closely misses you. The naga warrior spits poison at you.
The splash of poison hits you but does no damage.
You are lethally poisoned!
You resist.
The naga hits you with a +0 short sword.
* * * LOW HITPOINT WARNING * * *
The naga constricts you. The black mamba bites you.
* * * LOW HITPOINT WARNING * * *
The naga's grasp on you weakens, but your attempt to escape fails.
* * * LOW HITPOINT WARNING * * *
You feel extremely sick. The black mamba closely misses you.
The naga warrior hits you with a +0 war axe!!
You die...

.#...# ...###........!...
#.#...#.##...............
# .N#...#..).##......####
..##........##..##.†....#
...............#.###....#
................#.##....#
#.....)).......#.#....#
#.....#NS......#..†...#.
#.....#@#.#.....#)...)..
....##†#N#...#............
..# ..#.#.................
. ....#....†..$........#..
#.#..........#.........#..
..............#...#.......
............##....#.......
...................#..[...
....>...................


You could see a naga warrior (catching breath), a black mamba and a naga.

Vanquished Creatures
  Rupert (D:14)
  Jorgrun (Orc:1)
  A tentacled starspawn (Abyss:1)
  Gastronok (D:11)
  Kirke (D:14)
  An ironbound thunderhulk (D:13)
  Nessos (Orc:2)
  A dire elephant (Lair:5)
  Snorg (Orc:2)
  A fire dragon (D:15)
  An ice dragon (D:15)
  5 vault guards
  A catoblepas (Lair:5)
  6 hydras
  3 centaur warriors
  6 two-headed ogres
  A boulder beetle (D:11)
  An anaconda (Snake:1)
  Erica (Orc:1)
  A dancing weapon (Volcano)
  2 tengu warriors
  2 occultists (Volcano)
  A naga warrior (Snake:1)
  6 death yaks (Lair:5)
  Sonja (Orc:1)
  3 orc high priests (Orc:2)
  Amaemon (D:11)
  2 skysharks
  A mana viper (Snake:1)
  An arcanist (D:14)
  6 orc knights
  3 lindwurms (Lair:5)
  A deep elf pyromancer (D:15)
  A deep elf zephyrmancer (D:14)
  22 ugly things
  2 salamanders (Snake:1)
  4 orc sorcerers
  A wolf spider (Lair:5)
  5 cyclopes
  2 kobold blastminers (Orc:2)
  5 manticores
  5 toenail golems (Volcano)
  A merfolk siren (Lair:3)
  17 black mambas
  8 elephants
  A naga mage (Snake:1)
  A guardian serpent (Lair:5)
  8 cane toads
  6 rime drakes
  A yaktaur (D:15)
  An orange demon (D:11)
  2 unseen horrors
  3 gargoyles
  A kobold demonologist (D:11)
  A freezing wraith (D:15)
  7 komodo dragons
  An efreet (D:15)
  A tengu conjurer (D:15)
  3 merfolk (Lair:3)
  2 hornets (Lair:5)
  2 trolls
  3 polar bears
  21 blink frogs
  Prince Ribbit (D:6)
  3 dream sheep (Lair:5)
  4 slime creatures (D:14)
  2 wraiths
  16 wyverns
  A yak (shapeshifter) (D:15)
  2 vampires
  2 hogs (D:14)
  10 humans
  5 basilisks
  71 yaks
  4 wargs
  3 redbacks (Lair:5)
  5 vampire mosquitoes
  Menkaure (D:5)
  A naga (Snake:1)
  5 acid dragons
  30 water moccasins
  Duvessa (D:6)
  21 orc warriors
  An ice beast (D:5)
  2 laughing skulls (D:13)
  2 black bears
  3 ogres
  5 wolves (Lair:5)
  8 centaurs
  A phantom (D:4)
  Blork the orc (D:5)
  2 kobold brigands
  18 bullfrogs
  3 scorpions
  Dowan (D:6)
  13 wights
  A killer bee (D:9)
  6 howler monkeys
  4 bombardier beetles
  3 hounds
  14 orc priests
  4 gnoll boudas
  A jelly (D:7)
  Crazy Yiuf (D:3)
  Jessica (D:3)
  Ijyb (D:4)
  2 iguanas (D:5)
  13 orc wizards
  18 hell rats
  17 gnolls
  11 adders
  A white imp (D:8)
  A ribbon worm (D:3)
  2 dart slugs (D:1)
  56 orcs
  7 ball pythons
  10 bats
  6 endoplasms
  4 giant cockroaches
  19 goblins
  24 hobgoblins
  2 jackals (D:2)
  7 quokkas
  4 frilled lizards
  19 kobolds
  8 rats
719 creatures vanquished.

Vanquished Creatures (others)
  A human (D:5)
  An orc wizard (Orc:2)
  4 starspawn tentacles (Abyss:1)
6 creatures vanquished.

Grand Total: 725 creatures vanquished

Notes
Turn   | Place    | Note
-------+----------+-------------------------------------------
     0 | D:1      | jejorda2 the Draconian Berserker began the quest for the
                  | Orb.
     0 | D:1      | Reached XP level 1. HP: 19/19 MP: 1/1
   124 | D:1      | Reached XP level 2. HP: 26/26 MP: 2/2
   125 | D:1      | Reached skill level 1 in Shapeshifting
   358 | D:1      | Reached ** piety under Trog
   457 | D:1      | Reached XP level 3. HP: 26/31 MP: 3/3
   843 | D:2      | Reached skill level 2 in Shapeshifting
  1376 | D:2      | Found a snail-covered altar of Cheibriados.
  1393 | D:2      | Identified the +2 hand axe "Eptae" {heavy, rC+ Dex+3}
  1663 | D:2      | Reached XP level 4. HP: 26/40 MP: 4/4
  2105 | D:2      | Found a snail-covered altar of Cheibriados.
  3070 | D:3      | Found a sacrificial altar of Ru.
  3080 | D:3      | Reached skill level 3 in Shapeshifting
  3080 | D:3      | Reached XP level 5. HP: 46/46 MP: 5/5
  3139 | D:3      | Noticed Jessica
  3144 | D:3      | Killed Jessica
  3231 | D:3      | Found a hazy altar of Hepliaklqana.
  3420 | D:3      | Found Zukae's General Store.
  3442 | D:3      | Bought a scroll of teleportation for 39 gold pieces
  3658 | D:3      | Reached *** piety under Trog
  3771 | D:3      | Found a runed translucent door.
  3772 | D:3      | Noticed Crazy Yiuf
  3779 | D:3      | Killed Crazy Yiuf
  3780 | D:3      | Reached XP level 6. HP: 53/53 MP: 6/6
  3851 | D:4      | Reached skill level 4 in Shapeshifting
  3967 | D:4      | Reached skill level 5 in Fighting
  4200 | D:4      | Your scales start taking on an icy white colour.
  4200 | D:4      | Reached XP level 7. HP: 52/61 MP: 7/7
  4200 | D:4      | Gained mutation: Your flesh is cold resistant. (rC+) [White
                  | Draconian growth]
  4344 | D:4      | Reached skill level 5 in Shapeshifting
  4400 | D:4      | Reached skill level 5 in Unarmed Combat
  4444 | D:4      | Noticed Ijyb
  4452 | D:4      | Killed Ijyb
  4663 | D:5      | Entered Level 5 of the Dungeon
  4663 | D:5      | Noticed Menkaure
  4668 | D:5      | Killed Menkaure
  4958 | D:5      | Found a shadowy altar of Dithmenos.
  5062 | D:5      | Reached skill level 6 in Shapeshifting
  5062 | D:5      | Reached XP level 8. HP: 65/70 MP: 8/8
  5109 | D:5      | Noticed Blork the orc
  5116 | D:5      | Killed Blork the orc
  5166 | D:5      | Found a blossoming altar of Fedhas.
  5604 | D:5      | Found an ancient bone altar of Kikubaaqudgha.
  5670 | D:5      | Found Sigurd's Dragon-Slaying Spoils.
  6166 | D:6      | Reached skill level 7 in Shapeshifting
  6255 | D:6      | Noticed Prince Ribbit
  6264 | D:6      | Killed Prince Ribbit
  6449 | D:6      | Noticed Duvessa
  6470 | D:6      | Killed Duvessa
  6470 | D:6      | Noticed Dowan
  6471 | Abyss:1  | Cast into level 1 of the Abyss (Dowan)
  6499 | Abyss:1  | Noticed a tentacled starspawn
  6513 | Abyss:1  | Killed a tentacled starspawn
  6514 | Abyss:1  | Reached skill level 9 in Shapeshifting
  6514 | Abyss:1  | Reached XP level 9. HP: 74/75 MP: 9/9
  6520 | D:6      | Escaped the Abyss
  6525 | D:6      | Killed Dowan
  6987 | D:6      | Found a glowing silver altar of Zin.
  7046 | D:7      | Identified a scroll of acquirement
  7046 | D:7      | Acquired the +3 pair of gauntlets of War {Slay+5}
  7046 | D:7      | Found the +3 pair of gauntlets of War {Slay+5}
  7306 | D:7      | Found a staircase to the Ecumenical Temple.
  7772 | D:8      | Reached skill level 10 in Shapeshifting
  7802 | D:8      | Found an ornate altar of the Wu Jian Council.
  7840 | D:8      | Reached **** piety under Trog
  7961 | D:8      | Noticed a two-headed ogre
  7970 | D:8      | Killed a two-headed ogre
  7971 | D:8      | Reached XP level 10. HP: 83/83 MP: 10/10
  8285 | D:8      | Found Nosaum's Armour Boutique.
  8557 | D:9      | Reached skill level 11 in Shapeshifting
  8712 | D:9      | Found a hide-covered altar of Uskayaw.
  8900 | D:9      | Found a staircase to the Lair.
  9052 | D:9      | Reached skill level 12 in Shapeshifting
  9062 | D:9      | Found a bloodstained altar of Trog.
  9170 | D:9      | Reached skill level 10 in Unarmed Combat
  9380 | D:9      | Reached XP level 11. HP: 89/89 MP: 11/11
  9395 | D:9      | Reached skill level 1 in Evocations
  9595 | D:9      | Found an opulent altar of Gozag.
  9610 | D:9      | Acquired a manual of Unarmed Combat
  9612 | D:9      | Acquired 780 gold pieces
  9866 | D:10     | Entered Level 10 of the Dungeon
  9910 | D:10     | Found an iron altar of Okawaru.
  9974 | D:10     | Found a broken altar of Ashenzari.
 10093 | D:10     | Reached ***** piety under Trog
 10230 | D:10     | Found a flagged portal.
 10260 | Bailey   | Entered a bailey
 10504 | Bailey   | Noticed a vault guard
 10524 | Bailey   | Killed a vault guard
 10607 | Bailey   | Noticed a vault guard
 10617 | Bailey   | Killed a vault guard
 10618 | Bailey   | Reached skill level 13 in Shapeshifting
 11103 | D:11     | Noticed Gastronok
 11112 | D:11     | Killed Gastronok
 11344 | D:11     | Reached skill level 5 in Evocations
 11398 | D:11     | Noticed a boulder beetle
 11432 | D:11     | Killed a boulder beetle
 11433 | D:11     | Reached XP level 12. HP: 68/96 MP: 12/12
 11461 | D:11     | Noticed Amaemon
 11477 | D:11     | Killed Amaemon
 11481 | D:10     | HP: 1/96 [poisoned by orange demon (concentrated venom)]
 11704 | D:11     | Reached skill level 14 in Shapeshifting
 11989 | D:11     | Found an opulent altar of Gozag.
 12024 | D:11     | Noticed a two-headed ogre
 12048 | D:11     | Killed a two-headed ogre
 12664 | D:12     | Found Gipitz's Armour Shoppe.
 12664 | D:12     | Found a staircase to the Orcish Mines.
 13994 | Lair:1   | Entered Level 1 of the Lair of Beasts
 14100 | Lair:1   | Found a transporter.
 14106 | Lair:1   | Found a one-way gate to the infinite horrors of the Abyss.
 14106 | Lair:1   | Noticed middlethird's ghost (journeyman VSCj)
 14123 | Lair:1   | Found a transporter.
 14137 | Lair:1   | Noticed a hell hog
 14835 | Lair:2   | Reached skill level 15 in Shapeshifting
 14895 | Lair:2   | Received a gift from Trog
 14901 | Lair:2   | Noticed a seven-headed hydra
 14907 | Lair:2   | Killed a seven-headed hydra
 14986 | Lair:2   | Found a staircase to the Snake Pit.
 15250 | Lair:2   | Reached XP level 13. HP: 87/102 MP: 13/13
 15839 | Lair:3   | Reached skill level 16 in Shapeshifting
 15839 | Lair:3   | Reached XP level 14. HP: 110/110 MP: 14/14
 15884 | Lair:3   | Identified the +1 rapier of the Teaching Gods {vamp, *Noise
                  | rPois Will+}
 16379 | Lair:3   | Found a staircase to the Shoals.
 17556 | Lair:4   | Reached skill level 15 in Unarmed Combat
 17562 | Lair:4   | Received a gift from Trog
 18441 | Lair:5   | Entered Level 5 of the Lair of Beasts
 18473 | Lair:5   | Found a staircase to the Slime Pits.
 18887 | Lair:5   | Reached skill level 5 in Dodging
 19016 | Lair:5   | Received a gift from Trog
 19496 | Lair:5   | Reached XP level 15. HP: 121/121 MP: 15/15
 19824 | Lair:5   | Reached skill level 17 in Shapeshifting
 19941 | Lair:5   | Received a gift from Trog
 22296 | D:13     | Found a gate to the Vaults.
 22383 | D:14     | Noticed Rupert
 22394 | D:14     | Killed Rupert
 22567 | D:14     | You fall into a shaft and drop 1 floor!
 22567 | D:15     | Entered Level 15 of the Dungeon
 22704 | D:14     | Received a gift from Trog
 22720 | D:14     | Reached skill level 18 in Shapeshifting
 22818 | D:14     | Acquired the ring "Tiuthuepp" {rElec rF+ rC+ MP+9 Dex+6}
 23417 | D:14     | Noticed Kirke
 23428 | D:14     | Killed Kirke
 24566 | D:15     | Reached skill level 19 in Shapeshifting
 24834 | D:15     | Reached XP level 16. HP: 110/128 MP: 16/16
 24909 | D:15     | Found a staircase to the Depths.
 25434 | Orc:1    | Entered Level 1 of the Orcish Mines
 25434 | Orc:1    | Noticed Jorgrun
 25474 | Orc:1    | Killed Jorgrun
 25477 | Orc:1    | Noticed Erica
 25483 | Orc:1    | Killed Erica
 25621 | Orc:2    | Entered Level 2 of the Orcish Mines
 25648 | Orc:2    | Found Qaluorch's General Store.
 25654 | Orc:2    | Found a dark tunnel.
 25663 | Volcano  | Entered a volcano
 26151 | Orc:2    | Bought a ring of poison resistance for 280 gold pieces
 26278 | Orc:2    | Found a staircase to the Elven Halls.
 26286 | Orc:2    | Noticed Nessos
 26306 | Orc:2    | Killed Nessos
 27040 | Orc:1    | Noticed Sonja
 27057 | Orc:1    | Killed Sonja
 27431 | Orc:2    | Noticed Snorg
 27447 | Orc:2    | Killed Snorg
 27448 | Orc:2    | Reached skill level 20 in Shapeshifting
 27524 | Orc:2    | Received a gift from Trog
 28186 | Orc:2    | Found Wikhen's Antique Armour Boutique.
 28186 | Orc:2    | Found Ruingol's Antique Armour Emporium.
 28188 | Orc:2    | Found Istikhle's Book Boutique.
 28188 | Orc:2    | Found Nozxi's General Store.
 28254 | Orc:2    | Bought an embroidered cloak for 270 gold pieces
 28254 | Orc:2    | Bought a glowing cloak for 270 gold pieces
 28460 | Snake:1  | Entered Level 1 of the Snake Pit
 28525 | Snake:1  | Reached skill level 1 in Stealth
 28582 | Snake:1  | Demolished by a naga warrior

Illustrated notes

Levels and vault maps discovered:
D:1:      minmay_arrival_five_plusses, layout_loops_ring
D:2:      cheibrodos_greedy_goblins, layout_basic, basic_altar,
          minmay_split_cup_large
D:3:      layout_loops_ring, nicolae_hepliaklqana_hippocampus,
          nicolae_ru_great_annihilating_truth, serial_shops, shop_coins,
          kennysheep_jessica_study, uniq_crazy_yiuf_cottage
D:4:      layout_basic, hangedman_decor_points, amcnicky_mini_pool_small,
          minivault_1, nicolae_goblin_pals
D:5:      layout_basic, mainiacjoe_overflow_tiny_flanked, tgw_kikubaaqudgha,
          lemuel_doored_altar, serial_park_tiny_pond,
          chequers_serial_rivers_marsh, nicolae_shop_dragon_depot,
          hangedman_abyss_or_decor_lesser_grid, minmay_curled_crystal,
          minivault_19, uniq_blork_the_orc, uniq_menkaure
D:6:      layout_loops_ring, nicolae_overflow_hidden_temple, uniq_duvessa,
          uniq_prince_ribbit1
D:7:      layout_basic, minmay_temple_entry_wispy
D:8:      corexii_shack_village, layout_basic,
          mainiacjoe_overflow_cross_hatched, serial_shops, kennysheep_mini
D:9:      layout_basic, general_overflow_altar,
          mainiacjoe_overflow_catch_the_wave, minmay_lair_entry_grove,
          minmay_fractal_squares_gapless_5
D:10:     layout_long_grid, nicolae_ashenzari_panopticon,
          okawaru_metal_pillars_3, enter_bailey_5,
          serial_library_hellmonk_semicircle
D:11:     layout_roguey, nicolae_gozag_cash_rules_everything_around_me,
          uniq_gastronok, uniq_amaemon
D:12:     layout_roguey, orc_david_3, serial_co_window_serial,
          co_window_of_opportunity_a, co_window_paths_a, co_window_paths_a,
          co_window_corner_a, co_window_paths_a, co_window_broadway_c,
          co_window_corner_b, co_window_unsneaky_path_d, co_window_2corner,
          co_window_broadway_a, co_window_broadway_a, glass_columns_b,
          glass_columns_a, minmay_protected_statue
D:13:     layout_rooms, hellmonk_vaults_keyhole, serial_co_window_serial,
          co_window_corner_a, co_window_paths_b, co_window_paths_a,
          co_window_paths_b, co_window_corner_a, co_window_paths_a,
          co_window_paths_b, co_window_paths_b, co_window_of_opportunity_a,
          co_window_corner_b, co_window_corner_cb, co_window_2corner,
          co_window_corner_b, co_window_corner_cb, co_window_cross_3,
          co_window_paths_e, glass_columns_a, glass_columns_a
D:14:     layout_irregular_city, serial_park_tiny_2, st_stairs_11, minivault_20,
          uniq_rupert, uniq_kirke
D:15:     grunt_enter_depths_hoard, layout_loops_corners, serial_bayou_lagoon_a
Lair:1:   layout_roguey, gammafunk_ghost_abyssal_escape
Lair:2:   layout_small_grid, dummy_snake_entry, serial_rivers,
          chequers_serial_rivers_micro_d, chequers_serial_rivers_micro_a,
          chequers_serial_rivers_micro_d, chequers_serial_rivers_micro_a,
          st_stairs_10, lemuel_fruit_tree
Lair:3:   layout_concentric_octagons, elwin_shoals_entry_stream
Lair:4:   layout_layer_cave
Lair:5:   hangedman_lair_tendril_chambers, layout_regular_city,
          hangedman_lair_in_review, slime_entry_1
Snake:1:  layout_onion
Orc:1:    layout_caves, uniq_jorgrun, uniq_sonja, uniq_erica
Orc:2:    grunt_orc_tribal_feast, layout_diamond_mine, serial_shops, shop,
          nicolae_volcano_entry_lava_flow, uniq_snorg, uniq_nessos

Skill      XL: |  1  2  3  4  5  6  7  8  9 10 11 12 13 14 15 16 |
---------------+-------------------------------------------------+-----
Shapeshifting  | 1 2 3 4 6 9 10 12 13 15 16 19 20 | 20.1
Fighting       | 4 5 6 8 |  8.0
Unarmed Combat | 4 5 7 8 10 11 13 14 16 17 | 17.1
Evocations     | 5 7 8 |  8.5
Dodging        | 6 8 |  8.2
Stealth        | 1 |  1.1

Action                     |  1- 3 |  4- 6 |  7- 9 | 10-12 | 13-15 | 16-18 || total
---------------------------+-------+-------+-------+-------+-------+-------++-------
  Melee: Unarmed           |   151 |   153 |   258 |   626 |   840 |   236 ||  2264
         Tailslap          |    17 |    15 |    37 |   139 |   183 |    36 ||   427
         Punch             |     5 |     1 |     4 |       |    32 |    22 ||    64
         Maw               |       |       |       |       |    27 |       ||    27
  Throw: Dart              |       |       |     3 |       |       |       ||     3
 Invoke: Trog's Hand       |       |     1 |     7 |     8 |     8 |     8 ||    32
         Berserk           |       |     2 |     8 |    13 |    13 |     4 ||    40
         Brothers in Arms  |       |       |       |       |     1 |       ||     1
Ability: Breathe Frost     |       |       |     6 |     6 |     5 |     3 ||    20
  Evoke: Wand              |       |       |       |     3 |       |       ||     3
    Use: Potion            |       |       |     1 |     2 |     1 |       ||     4
         Scroll            |       |       |    14 |    10 |     7 |     3 ||    34
   Stab: Sleeping          |     1 |       |       |       |     1 |     3 ||     5
         Petrified         |       |       |       |       |     1 |       ||     1
 Armour: Skin              |    75 |    60 |   122 |   258 |   456 |   137 ||  1108
  Dodge: Dodged            |    86 |    87 |   139 |   394 |   537 |   141 ||  1384
   Form: Beast             |     1 |       |       |       |       |       ||     1
         Flux              |       |       |     1 |       |       |       ||     1
         Blade             |       |       |       |       |     1 |       ||     1
         Maw               |       |       |       |       |     1 |       ||     1
